 Dungeon Crawl Stone Soup version 0.28.0-45-g0d030f2227 (webtiles) character file.

Game seed: 12610003281791863548

125 pkoi the Gusty (level 4, 0/33 HPs)
             Began as a Demigod Air Elementalist on Apr 25, 2022.
             Slain by a killer bee (7 damage)
             ... on level 4 of the Dungeon.
             The game lasted 00:03:30 (4145 turns).

pkoi the Gusty (Demigod Air Elementalist)           Turns: 4145, Time: 00:03:31

Health: 0/33       AC:  2    Str:  9    XL:     4   Next: 53%
Magic:  6/10       EV: 12    Int: 21    God:
Gold:   177        SH:  0    Dex: 18    Spells: 2/8 levels left

rFire   . . .      SeeInvis .   j - +7 hunting sling of Infinite Pain {vorpal, Dex+4}
rCold   . . .      Faith    .   (no shield)
rNeg    . . .      Spirit   .   a - +0 robe
rPois   .          Reflect  .   (no helmet)
rElec   .          Harm     .   (no cloak)
rCorr   .          Rampage  .   (no gloves)
Will    .....                   (no boots)
Stlth   ++........              (no amulet)
HPRegen 0.11/turn               (no ring)
MPRegen 0.12/turn               (no ring)

@: lethally poisoned (0 -> -8)
A: high MP 1, forlorn, divine attributes
a: no special abilities


You were on level 4 of the Dungeon.
You visited 1 branch of the dungeon, and saw 4 of its levels.

You collected 177 gold pieces.

Inventory:

Hand Weapons
 b - a +2 dagger of draining
 d - a +1 short sword of draining
 j - the +7 hunting sling of Infinite Pain (weapon) {vorpal, Dex+4}
   (You found it on level 2 of the Dungeon)

   Any ammunition fired from it inflicts extra damage upon your enemies.
   Dex:       It affects your dexterity (+4).
Missiles
 k - 97 stones (quivered ammo)
 l - 46 sling bullets
Armour
 a - a +0 robe (worn)
Wands
 r - a wand of flame (20)
Scrolls
 c - a scroll of identify {unknown}
 e - 2 scrolls of noise {unknown}
 f - a scroll of immolation {unknown}
 g - 3 scrolls of magic mapping {unknown}
 m - 2 scrolls of enchant weapon {unknown}
 p - 2 scrolls of blinking {unknown}
Potions
 h - a potion of haste {unknown}
 i - a potion of cancellation {unknown}
 n - a potion of brilliance {unknown}
 o - a potion of attraction {unknown}
 q - a potion of magic {unknown}


   Skills:
 - Level 1.7 Dodging
 - Level 1.7 Stealth
 + Level 2.6 Spellcasting
 - Level 0.8 Conjurations
 + Level 0.9 Hexes
 + Level 0.8 Fire Magic
 * Level 4.2 Air Magic


You had 2 spell levels left.
You knew the following spells:

 Your Spells              Type           Power      Damage    Failure   Level
a - Shock                 Conj/Air       52%        1d6       4%          1
b - Static Discharge      Conj/Air       13%        N/A       8%          2
c - Inner Flame           Hex/Fire       6%         N/A       28%         3

Your spell library contained the following spells:

 Spells                   Type           Power      Damage    Failure   Level
 Swiftness                Air            20%        N/A       8%          3
 Airstrike                Air            10%        N/A       24%         4
 Cause Fear               Hex            3%         N/A       67%         4
 Discord                  Hex            3%         N/A       100%        8


Dungeon Overview and Level Annotations

Branches:
Dungeon (4/15)
 Temple: D:4-7

Shops:
D:4 *

Annotations:
D:3 1 runed translucent door, Crazy Yiuf


Innate Abilities, Weirdness & Mutations

You have an increased reservoir of magic. (+10% MP)
You shall have no god before yourself.
Your divine heritage dramatically boosts your attributes as you level up.


Message History

A killer bee comes into view.
There are monsters nearby!
A phantom comes into view.
The killer bee stings you.
You are poisoned.
The killer bee poisons you!
You shoot a stone. The killer bee buzzes angrily. x2
The stone hits the killer bee!
The killer bee is heavily wounded.
You feel very sick. The killer bee stings you.
* * * LOW HITPOINT WARNING * * *
You are more poisoned.
The killer bee poisons you! The killer bee stings you.
* * * LOW HITPOINT WARNING * * *
The killer bee barely misses you.
Casting: Shock (safe; 4% risk of failure)
Confirm with . or Enter, or press ? or * to list all spells.
The killer bee is struck by an arc of lightning!
The killer bee is almost dead.
You are struck by an arc of lightning.
* * * LOW HITPOINT WARNING * * *
The lightning grounds out.
The killer bee buzzes angrily.
You feel very sick. The killer bee misses you. The killer bee stings you.
* * * LOW HITPOINT WARNING * * *
Unknown command.
Unknown command.
Casting: Static Discharge (safe; 8% risk of failure)
Confirm with . or Enter, or press ? or * to list all spells.
The killer bee is struck by an arc of lightning.
You kill the killer bee!
The killer bee is struck by an arc of lightning!
The killer bee is moderately wounded.
The lightning grounds out.
* * * LOW HITPOINT WARNING * * *
You feel sick. The killer bee stings you!
You die...

####
##......#..#
...#
#...###......#
##.
###...####.#.###
#............#
#.#..#####.#..
#.#..# .#.... .
#..# ... .
#..######.. ..
### #..@yyyy...
..# #.######W..
#.# #. #.# #.
#.# #. #.# ##
..# ..# ..#


You could see a phantom and 4 killer bees.

Vanquished Creatures
  A killer bee (D:4)
  A hound (D:3)
  A centaur skeleton (D:4)
  An adder (D:2)
  A dart slug (D:2)
  2 ball pythons
  7 endoplasms
  3 giant cockroaches
  7 goblins
  5 hobgoblins
  4 jackals (D:1)
  A quokka (D:1)
  6 bats
  2 frilled lizards
  7 kobolds
  2 rats
51 creatures vanquished.

Vanquished Creatures (others)
  4 demonic plants (D:1)
  A withered plant (D:1)
5 creatures vanquished.

Grand Total: 56 creatures vanquished

Notes
Turn   | Place    | Note
-------+----------+-------------------------------------------
     0 | D:1      | pkoi the Demigod Air Elementalist began the quest for the
                  | Orb.
     0 | D:1      | Reached XP level 1. HP: 14/14 MP: 5/5
   513 | D:1      | Reached skill level 3 in Air Magic
   515 | D:1      | Reached XP level 2. HP: 20/20 MP: 0/7
  1493 | D:1      | Reached XP level 3. HP: 26/26 MP: 5/9
  2212 | D:2      | Identified the +7 hunting sling of Infinite Pain {vorpal,
                  | Dex+4}
  2893 | D:2      | Learned a level 2 spell: Static Discharge
  2897 | D:2      | Learned a level 3 spell: Inner Flame
  3000 | D:3      | Reached skill level 4 in Air Magic
  3000 | D:3      | Reached XP level 4. HP: 27/33 MP: 7/10
  3164 | D:3      | Found a runed translucent door.
  3165 | D:3      | Noticed Crazy Yiuf
  3989 | D:4      | Found Igic's Assorted Antiques.
  4142 | D:4      | Noticed a phantom
  4145 | D:4      | Slain by a killer bee

Illustrated notes

Levels and vault maps discovered:
D:1:      elethiomel_arrival_quiet, layout_basic, shapermc_ecumenical_altar_gd,
          minmay_tetromino_o4
D:2:      layout_basic, basic_altar
D:3:      layout_loops_corners, zin_academy, uniq_crazy_yiuf_cottage
D:4:      layout_basic, kennysheep_mini, serial_shops, shop

Skill      XL: |  1  2  3 |
---------------+----------+-----
Spellcasting   | 2 |  2.6
Air Magic      | 3 4 |  4.2
Dodging        | |  1.7
Stealth        | |  1.7
Conjurations   | |  0.8
Hexes          | |  0.9
Fire Magic     | |  0.8

Action                   |  1- 3 |  4- 6 || total
-------------------------+-------+-------++-------
Melee: Unarmed           |     3 |       ||     3
       Dagger            |     4 |       ||     4
 Fire: Hunting sling     |    17 |    18 ||    35
 Cast: Shock             |    70 |       ||    70
       Static Discharge  |       |     2 ||     2
Armor: Robe              |     5 |       ||     5
Dodge: Dodged            |     7 |     8 ||    15
